[Event "Titled Tuesday Blitz June 21 Late 2022"]
[White "Novikova, Galina"]
[Black "Romanchuk, Viktor"]
[WhiteFideId "4157095"]
[BlackFideId "14109271"]
[WhiteElo "2382"]
[BlackElo "2571"]
[Result "1-0"]
[Round "10"]
[TimeControl "180+1"]
[Date "2022.06.22"]
[WhiteClock "0:00:06"]
[BlackClock "0:00:02"]

1. e4 e6 2. Nf3 d5 3. e5 c5 4. b4 b6 5. bxc5 bxc5 6. c3 Qa5 7. Bd3 Ba6 8. Bc2 Nh6 9. d3 Nf5 10. O-O Be7 11. Re1 O-O 12. d4 Nc6 13. g4 Nh6 14. Bxh6 gxh6 15. Qd2 Kg7 16. Kh1 cxd4 17. g5 dxc3 18. gxh6+ Kh8 19. Nxc3 Rg8 20. Rg1 Qb4 21. Rg7 Rxg7 22. hxg7+ Kxg7 23. Rg1+ Kf8 24. Rg8+ Kxg8 25. Qh6 f5 26. exf6 Bxf6 27. Qxf6 Qg4 28. Ng5 Bd3 29. Bxd3 Qh5 30. Bxh7+ Qxh7 31. Nxh7 Kxh7 32. Qxe6 Re8 33. Qd7+ Re7 34. Qxc6 Re1+ 35. Kg2 Re7 36. Nxd5 Rg7+ 37. Kf1 Rg6 38. Qc2 Kh6 39. Ne3 Rf6 40. Qe4 1-0


[Site "https://www.chess.com"]

[Event "Titled Tuesday Blitz June 21 Late 2022"]
[White "Omariev, Maksim"]
[Black "Arnold, Ken"]
[WhiteFideId "4193423"]
[BlackFideId "2056836"]
[WhiteElo "2456"]
[BlackElo "2318"]
[Result "1-0"]
[Round "10"]
[TimeControl "180+1"]
[Date "2022.06.22"]
[WhiteClock "0:00:08"]
[BlackClock "0:00:11"]

1. e4 c6 2. d4 d5 3. Nc3 dxe4 4. Nxe4 Nd7 5. Qe2 Ndf6 6. Nf3 Nxe4 7. Qxe4 Nf6 8. Qh4 Bf5 9. c3 e6 10. Be2 h6 11. Qg3 Qb6 12. O-O g5 13. Ne5 Qc7 14. f4 g4 15. b4 h5 16. a4 h4 17. Qe1 Bd6 18. Ba3 g3 19. h3 Ne4 20. Bd3 Nf2 21. Bxf5 Bxe5 22. Bxe6 fxe6 23. fxe5 O-O 24. Qe3 Qg7 25. b5 Rf5 26. bxc6 bxc6 27. Rab1 Rf7 28. a5 Qg6 29. a6 Rd8 30. Bd6 Rdd7 31. Rb8+ Kh7 32. Qe2 Rf5 33. Rb7 Rff7 34. Rfb1 Rxb7 35. Rxb7 Rxb7 36. axb7 Qb1+ 37. Qf1 Qxb7 38. c4 Qb2 39. Bc5 Nxh3+ 40. Kh1 Nf2+ 41. Kg1 Qc2 42. Bxa7 Qe4 43. d5 cxd5 44. cxd5 exd5 45. Bxf2 gxf2+ 46. Qxf2 Qb1+ 47. Kh2 Qe4 48. Qf7+ Kh6 49. e6 Qe5+ 50. Kg1 Qe1+ 51. Kh2 Qg3+ 52. Kg1 h3 53. Qf6+ Kh5 54. Qf5+ Kh4 55. Qxh3+ Qxh3 56. gxh3 d4 57. e7 d3 58. e8=Q d2 59. Qd8+ 1-0


[Site "https://www.chess.com"]

[Event "Titled Tuesday Blitz June 21 Late 2022"]
[White "Papp, Levente"]
[Black "Zhu, Jiner"]
[WhiteFideId "751243"]
[BlackFideId "8608059"]
[WhiteElo "2308"]
[BlackElo "2281"]
[Result "1/2-1/2"]
[Round "10"]
[TimeControl "180+1"]
[Date "2022.06.21"]
[WhiteClock "0:00:03"]
[BlackClock "0:00:06"]

1. d4 Nf6 2. Nf3 e6 3. g3 d5 4. Bg2 Be7 5. O-O b5 6. c3 O-O 7. Bf4 Bb7 8. Nbd2 Nbd7 9. Ne5 c5 10. Nxd7 Qxd7 11. e3 Rfc8 12. Re1 a5 13. Be5 b4 14. dxc5 Bxc5 15. Qf3 Be7 16. c4 Bc6 17. cxd5 Bxd5 18. e4 Bb7 19. Nb3 Qb5 20. Bf4 e5 21. Bf1 Qe8 22. Bxe5 Bd8 23. Bd4 a4 24. Nc5 Bc6 25. Qd3 Be7 26. Bxf6 Bxf6 27. e5 Be7 28. Ne4 Rd8 29. Qe3 Qd7 30. Bg2 Qe6 31. Nc5 Bxc5 32. Qxc5 Bxg2 33. Kxg2 b3 34. axb3 axb3 35. Rxa8 Rxa8 36. Re2 h6 37. Rd2 Rc8 38. Qd4 Re8 39. f4 g6 40. h3 h5 41. Qd5 Qb6 42. Kf3 Rc8 43. g4 hxg4+ 44. hxg4 Rc2 45. e6 Rxd2 46. exf7+ Kf8 47. Qxd2 Kxf7 48. Qe3 Qc6+ 49. Kg3 Qc2 50. Qa7+ Kg8 51. Qb8+ Kg7 52. Qb7+ Kg8 53. Qd5+ Kg7 54. Qe5+ Kg8 55. Qe6+ Kg7 56. f5 gxf5 57. gxf5 Qd3+ 58. Kg4 Qd1+ 59. Kf4 Qd2+ 60. Kg4 Qxb2 61. Qe7+ Kg8 62. Qe8+ Kg7 63. Qe7+ Kg8 64. Qe8+ Kg7 65. Qe7+ 1/2-1/2


[Site "https://www.chess.com"]

[Event "Titled Tuesday Blitz June 21 Late 2022"]
[White "Pappelis, Dimitrios"]
[Black "Zhou, Qiyu"]
[WhiteFideId "4215281"]
[BlackFideId "505161"]
[WhiteElo "1998"]
[BlackElo "1925"]
[Result "1/2-1/2"]
[Round "10"]
[TimeControl "180+1"]
[Date "2022.06.22"]
[WhiteClock "0:00:03"]
[BlackClock "0:00:08"]

1. e4 c5 2. Nf3 d6 3. d4 cxd4 4. Qxd4 Nc6 5. Bb5 Bd7 6. Bxc6 Bxc6 7. Nc3 Nf6 8. Bg5 e5 9. Qd3 Be7 10. Bxf6 Bxf6 11. O-O O-O 12. Nd2 Qc7 13. Nc4 Rad8 14. Nd5 Bxd5 15. Qxd5 Be7 16. c3 Qc6 17. Rad1 Qc7 18. Kh1 a6 19. Ne3 Rfe8 20. Rd3 Bf8 21. Rfd1 Qc6 22. f3 Rc8 23. Nf5 Red8 24. Qb3 b5 25. Qd5 Qb6 26. h4 g6 27. Ne3 Be7 28. h5 Kg7 29. Qb3 Qb7 30. Nd5 Bg5 31. g4 f6 32. Kg2 a5 33. a4 Rb8 34. axb5 Qxb5 35. Qxb5 Rxb5 36. b4 a4 37. Ra1 gxh5 38. gxh5 Kh6 39. c4 Rb7 40. Rxa4 Kxh5 41. b5 Kg6 42. b6 Rdb8 43. Rb3 f5 44. Ra7 Bd8 45. Rxb7 Rxb7 46. Kf2 f4 47. Ke2 h5 48. Kd3 h4 49. c5 dxc5 50. Kc4 Kh5 51. Kxc5 h3 52. Rb2 Kh4 53. Kc6 Rb8 54. b7 Kg3 55. Nb6 h2 56. Rxh2 Kxh2 57. Nd7 Rxb7 58. Kxb7 Bg5 59. Kc6 Kg3 60. Kd5 Kxf3 61. Nxe5+ Kg3 62. Nd3 f3 63. e5 Be7 64. Ke6 Bd8 65. Kd7 Bh4 66. e6 Kg2 67. e7 Bxe7 68. Kxe7 Kf1 69. Kf6 Ke2 70. Nf4+ Ke3 71. Nh3 Ke2 72. Kf5 Kf1 73. Kg4 Kg2 74. Nf4+ Kf2 75. Nh3+ Ke2 76. Ng1+ Ke3 77. Nxf3 1/2-1/2


[Site "https://www.chess.com"]

[Event "Titled Tuesday Blitz June 21 Late 2022"]
[White "Petrovic, Aleksa"]
[Black "Lopez Perdomo, Juan David"]
[WhiteFideId "967629"]
[BlackFideId "4405137"]
[WhiteElo "2117"]
[BlackElo "1997"]
[Result "1-0"]
[Round "10"]
[TimeControl "180+1"]
[Date "2022.06.22"]
[WhiteClock "0:00:13"]
[BlackClock "0:00:15"]

1. e4 e6 2. d4 d5 3. Nd2 dxe4 4. Nxe4 Bd7 5. Nf3 Bc6 6. Neg5 h6 7. Nxf7 Kxf7 8. Ne5+ Ke7 9. Ng6+ Kd7 10. d5 Bxd5 11. Nxh8 Nc6 12. c4 Bb4+ 13. Bd2 Qg5 14. Bxb4 Nxb4 15. cxd5 exd5 16. Be2 Qxg2 17. Bg4+ Kd6 18. Qf3 Nc2+ 19. Kd2 Qxf3 20. Bxf3 Nxa1 21. Rxa1 Ne7 22. Rg1 Rxh8 23. Rxg7 Rf8 24. Ke2 Nf5 25. Rg6+ Ke5 26. Bg4 Nd4+ 27. Ke3 Rh8 28. f4# 1-0


[Site "https://www.chess.com"]

[Event "Titled Tuesday Blitz June 21 Late 2022"]
[White "Pinheiro, Iung Alicio de O."]
[Black "Rychkov, Roman"]
[WhiteFideId "2104350"]
[BlackFideId "30985595"]
[WhiteElo "2283"]
[BlackElo "2332"]
[Result "0-1"]
[Round "10"]
[TimeControl "180+1"]
[Date "2022.06.21"]
[WhiteClock "0:00:05"]
[BlackClock "0:00:06"]

1. e4 e5 2. Bc4 Nf6 3. d3 Bc5 4. Nc3 d6 5. f4 Bg4 6. Nf3 Nbd7 7. Na4 Bh5 8. h3 Bxf3 9. Qxf3 Qe7 10. Nxc5 Nxc5 11. fxe5 Qxe5 12. O-O Ne6 13. c3 O-O-O 14. Be3 Kb8 15. Rae1 Rd7 16. Qf2 Qa5 17. Qc2 d5 18. exd5 Nxd5 19. Bf2 Rhd8 20. Re5 c6 21. d4 Ka8 22. Qe2 Nef4 23. Qf3 f6 24. Re4 Ng6 25. Bg3 b5 26. Bb3 Nb6 27. Rfe1 Nc8 28. Re8 Nge7 29. Rxd8 Qxd8 30. Be6 Rb7 31. Qe4 Nd5 32. Bf5 Nd6 33. Bxd6 Qxd6 34. Bxh7 Re7 35. Qb1 Qg3 36. Rxe7 Nxe7 37. Be4 f5 38. Bf3 Kb7 39. Qf1 Ng6 40. Qxb5+ Kc7 41. Qxc6+ Kd8 42. Qa8+ Ke7 43. Qxa7+ Kf6 44. Qb6+ Kg5 45. Qb7 Kh6 46. Kf1 Nf4 47. Qc6+ g6 48. Qa8 Nd3 49. Qh8+ Kg5 50. Qd8+ Kh6 51. Qh8+ Kg5 52. Ke2 Nf4+ 53. Kd2 Qf2+ 54. Kd1 Nd3 55. Qd8+ Kh6 56. Qf8+ Kg5 57. Qe7+ Kh6 58. Qe2 Qg1+ 59. Kc2 Nf4 60. Qd2 Qh2 61. a4 g5 62. a5 Ne6 63. a6 Qc7 64. h4 f4 65. hxg5+ Kxg5 66. Qe2 Nxd4+ 67. Kd3 Nxe2 68. Kxe2 Qb6 69. Bb7 Qxb2+ 70. Kf3 Qb6 71. c4 Kf5 72. Bc8+ Ke5 73. Bb7 Qe3+ 74. Kg4 Qg3+ 75. Kh5 Kf6 0-1


[Site "https://www.chess.com"]

[Event "Titled Tuesday Blitz June 21 Late 2022"]
[White "Przybylski, Wojciech"]
[Black "Nilsson, Joakim"]
[WhiteFideId "1117599"]
[BlackFideId "1723383"]
[WhiteElo "2133"]
[BlackElo "2210"]
[Result "0-1"]
[Round "10"]
[TimeControl "180+1"]
[Date "2022.06.22"]
[WhiteClock "0:00:01"]
[BlackClock "0:00:57"]

1. e4 c5 2. Nc3 Nc6 3. Nf3 e6 4. g4 d5 5. Bb5 Nf6 6. e5 Nd7 7. Bxc6 bxc6 8. d3 Rb8 9. Qe2 Qc7 10. O-O Be7 11. b3 O-O 12. Bf4 Rb4 13. Bg3 Rxg4 14. d4 cxd4 15. Na4 c5 16. b4 c4 17. c3 d3 18. Qd1 Rg6 19. Re1 Bb7 20. Nd4 Bc6 21. f4 Bh4 22. Re3 Nb8 23. Nb2 Bb7 24. b5 a6 25. a4 axb5 26. axb5 Nd7 27. Na4 Nc5 28. Nxc5 Qxc5 29. Qh5 Bxg3 30. hxg3 Ra8 31. Rxa8+ Bxa8 32. Qd1 Qa3 33. Qd2 Bb7 34. Kg2 h5 35. Kh2 h4 36. gxh4 Rg4 37. Re1 Rxh4+ 38. Kg3 Rh6 39. f5 exf5 40. e6 Rg6+ 41. Kh2 Qd6+ 42. Kh1 Qg3 43. Qh2 Qxe1+ 44. Qg1 Qxg1# 0-1


[Site "https://www.chess.com"]

[Event "Titled Tuesday Blitz June 21 Late 2022"]
[White "Quirke, Jeffrey"]
[Black "Capp, Stephen"]
[WhiteFideId "2013029"]
[BlackFideId "2027089"]
[WhiteElo "2178"]
[BlackElo "2115"]
[Result "1-0"]
[Round "10"]
[TimeControl "180+1"]
[Date "2022.06.22"]
[WhiteClock "0:00:03"]
[BlackClock "0:00:04"]

1. e4 e5 2. Nf3 d5 3. Nxe5 Bd6 4. d4 dxe4 5. Bc4 Bxe5 6. dxe5 Qxd1+ 7. Kxd1 Nc6 8. Bf4 Bg4+ 9. Kc1 Nge7 10. Re1 Ng6 11. Bg3 O-O-O 12. Nc3 Ngxe5 13. Bd5 f5 14. f3 exf3 15. Bxe5 f2 16. Rf1 Nxe5 17. Rxf2 c6 18. Be6+ Kc7 19. h3 Rhe8 20. hxg4 Rxe6 21. gxf5 Rh6 22. b3 Ng4 23. Re2 Rh2 24. Kb2 Rd7 25. Rae1 b5 26. Ne4 Rd5 27. Ng3 h5 28. Re7+ Kb6 29. Rxg7 h4 30. Rxg4 hxg3 31. Rxg3 Rxf5 32. Re2 Rf1 33. Rg6 Rg1 34. Ree6 Rgxg2 35. Rxc6+ Kb7 36. Rxg2 Rxg2 37. Rf6 a5 38. a3 Ka7 39. b4 a4 40. Rf3 Rg5 41. Kc3 Kb6 42. Kd3 Rg6 43. c4 bxc4+ 44. Kxc4 Rc6+ 45. Kd4 Rd6+ 46. Ke5 Rc6 47. Rf6 Rxf6 48. Kxf6 Kb5 49. Ke5 Kc4 50. Kd6 Kb3 51. b5 Kxa3 52. b6 Kb2 53. b7 a3 54. b8=Q+ Kc1 55. Qc7+ Kb2 56. Qb6+ Ka2 57. Qf2+ Ka1 58. Qf6+ Kb1 59. Qf1+ Kb2 60. Qe2+ Kb1 61. Qd1+ Kb2 62. Qd2+ Kb1 63. Qb4+ Ka2 64. Kd5 Ka1 65. Qc3+ Kb1 66. Qxa3 Kc2 67. Kd4 Kd1 68. Qa2 Kc1 69. Kc3 1-0


[Site "https://www.chess.com"]

[Event "Titled Tuesday Blitz June 21 Late 2022"]
[White "Ricaurte Lopez, Juan Carlos"]
[Black "Prydun, Andriy"]
[WhiteFideId "3600327"]
[BlackFideId "14145898"]
[WhiteElo "2209"]
[BlackElo "2063"]
[Result "0-1"]
[Round "10"]
[TimeControl "180+1"]
[Date "2022.06.22"]
[WhiteClock "0:00:02"]
[BlackClock "0:00:03"]

1. e4 e6 2. d4 d5 3. exd5 exd5 4. Nf3 Bd6 5. c4 dxc4 6. Bxc4 Nf6 7. O-O O-O 8. h3 Nbd7 9. Nc3 a6 10. Qd3 b5 11. Bb3 Bb7 12. Bg5 c5 13. dxc5 Nxc5 14. Qf5 Nxb3 15. Bxf6 Qxf6 16. Qxf6 gxf6 17. axb3 Bc5 18. Nh4 Rfe8 19. Rfe1 Rad8 20. Rxe8+ Rxe8 21. Kf1 Kg7 22. Rd1 Bc6 23. Ne2 Re5 24. Nd4 Rd5 25. Ndf5+ Kf8 26. Rc1 Bd7 27. g4 h5 28. Ke2 Re5+ 29. Kf3 Bc6+ 30. Kg3 hxg4 31. hxg4 Bb7 32. b4 Bb6 33. f4 Rd5 34. Nf3 Rd3 35. Nh4 a5 0-1


[Site "https://www.chess.com"]

[Event "Titled Tuesday Blitz June 21 Late 2022"]
[White "Romero Ruscalleda, Josep"]
[Black "Bachmann, Axel"]
[WhiteFideId "2231859"]
[BlackFideId "3700488"]
[WhiteElo "2385"]
[BlackElo "2587"]
[Result "1-0"]
[Round "10"]
[TimeControl "180+1"]
[Date "2022.06.22"]
[WhiteClock "0:01:33"]
[BlackClock "0:01:54"]

1. e4 c6 2. Nc3 d5 3. Nf3 Nf6 4. exd5 cxd5 5. d4 Bg4 6. h3 Bxf3 7. Qxf3 Nc6 8. Be3 e6 9. Bd3 Bd6 10. O-O O-O 11. a3 e5 12. Nxd5 Nxd5 13. Qxd5 exd4 14. Qe4 g6 15. Bh6 Re8 16. Qg4 Ne5 17. Qd1 Qh4 18. Qd2 Nxd3 19. cxd3 Re6 20. Rfe1 Rf6 21. Bg5 1-0


[Site "https://www.chess.com"]

[Event "Titled Tuesday Blitz June 21 Late 2022"]
[White "Semenenko, Dmytry"]
[Black "Fishbein, Mitch"]
[WhiteFideId "14118645"]
[BlackFideId "30922917"]
[WhiteElo "2113"]
[BlackElo "1939"]
[Result "1-0"]
[Round "10"]
[TimeControl "180+1"]
[Date "2022.06.22"]
[WhiteClock "0:00:49"]
[BlackClock "0:00:06"]

1. Nf3 Nf6 2. c4 g6 3. d4 Bg7 4. Nc3 d5 5. Qb3 dxc4 6. Qxc4 O-O 7. e4 a6 8. Be2 b5 9. Qb3 Bb7 10. e5 Nd5 11. O-O Nxc3 12. bxc3 Nd7 13. Be3 Nb6 14. Rfd1 Bd5 15. Qc2 Qd7 16. Nd2 Qc6 17. Bf3 e6 18. Ne4 Nc4 19. Bf4 h6 20. Qe2 g5 21. Nxg5 hxg5 22. Bxg5 Rfb8 23. Bh5 Bxg2 24. Qg4 Be4 25. Bf6 Bg6 26. Bxg6 fxg6 27. Qxg6 Qd7 28. Kh1 Qf7 29. Rg1 Qxg6 30. Rxg6 c5 31. Rxg7+ Kf8 32. Rag1 Ke8 33. Re7+ Kd8 34. Rg8# 1-0


[Site "https://www.chess.com"]

[Event "Titled Tuesday Blitz June 21 Late 2022"]
[White "Shapiro, Daniel"]
[Black "Melikhov, Evgeny V."]
[WhiteFideId "2001780"]
[BlackFideId "4122046"]
[WhiteElo "2276"]
[BlackElo "1904"]
[Result "0-1"]
[Round "10"]
[TimeControl "180+1"]
[Date "2022.06.22"]
[WhiteClock "0:00:38"]
[BlackClock "0:01:30"]

1. d4 Nf6 2. c4 e6 3. g3 d5 4. Nf3 dxc4 5. Bg2 Nc6 6. Qa4 Bb4+ 7. Bd2 Bd6 8. Qxc4 O-O 9. Nc3 e5 10. O-O exd4 11. Nxd4 Nxd4 12. Qxd4 c6 13. Bg5 Be7 14. Rfd1 Qxd4 15. Rxd4 Be6 16. b4 Rfd8 17. Rad1 Rxd4 18. Rxd4 h6 19. Bd2 Rd8 20. Rxd8+ Bxd8 21. a4 a6 22. b5 cxb5 23. axb5 axb5 24. Nxb5 Bc4 25. Nd6 Bxe2 26. Nxb7 Bb6 27. h3 Bd3 28. Bb4 Ne4 29. Bxe4 Bxe4 30. Bc5 Bc7 31. Nd6 Bd5 32. Nf5 Kh7 33. Bd4 f6 34. Ne3 Be6 35. Kg2 h5 36. h4 Kg6 37. Bc5 Kf7 38. Bb4 Bb3 39. Bc5 Ke6 40. Bf8 g6 41. Bb4 f5 42. Kf3 Ba4 43. Ng2 Bc6+ 0-1


[Site "https://www.chess.com"]

[Event "Titled Tuesday Blitz June 21 Late 2022"]
[White "Sibilio, Mario"]
[Black "Do Valle Cardoso, Lucas"]
[WhiteFideId "800422"]
[BlackFideId "2163144"]
[WhiteElo "2296"]
[BlackElo "2277"]
[Result "0-1"]
[Round "10"]
[TimeControl "180+1"]
[Date "2022.06.22"]
[WhiteClock "0:00:02"]
[BlackClock "0:00:13"]

1. Nf3 d5 2. d3 Nf6 3. g3 c5 4. Bg2 Nc6 5. O-O e6 6. Nbd2 Be7 7. e4 O-O 8. Re1 b5 9. c3 Bb7 10. e5 Nd7 11. d4 Qc7 12. Nf1 Rfc8 13. Bf4 Nf8 14. h4 Ng6 15. Be3 h6 16. h5 Nf8 17. N1h2 Nh7 18. Ng4 cxd4 19. Nxd4 Nxd4 20. Bxd4 a5 21. f4 b4 22. Rc1 bxc3 23. Rxc3 Qd8 24. Ree3 Rxc3 25. Rxc3 Rc8 26. Qc2 Rxc3 27. Qxc3 Bb4 28. Qc2 Qc8 29. Qxc8+ Bxc8 30. Bf1 Nf8 31. a3 Be7 32. Kf2 a4 33. Ke3 Bd7 34. Nf2 Bc6 35. Nd1 Nd7 36. Nc3 Nc5 37. Bb5 Bxb5 38. Nxb5 Nb3 39. Nc3 Kf8 40. Nxa4 Ke8 41. Kd3 Kd7 42. Bf2 Kc6 43. Kc2 Na5 44. Nc3 Nb7 45. b4 Bd8 46. Kb3 Bb6 47. Bxb6 Kxb6 48. Ne2 f6 0-1


[Site "https://www.chess.com"]

[Event "Titled Tuesday Blitz June 21 Late 2022"]
[White "Silvestre, Christian"]
[Black "Golubev, Mikhail"]
[WhiteFideId "30956269"]
[BlackFideId "14100983"]
[WhiteElo "2433"]
[BlackElo "2374"]
[Result "0-1"]
[Round "10"]
[TimeControl "180+1"]
[Date "2022.06.22"]
[WhiteClock "0:00:10"]
[BlackClock "0:00:17"]

1. e4 c5 2. Nc3 d6 3. Bc4 Nc6 4. d3 e6 5. f4 a6 6. Nf3 b5 7. Bb3 b4 8. Ne2 Nf6 9. O-O Be7 10. Kh1 O-O 11. Bd2 d5 12. Ne5 Bb7 13. Nxc6 Bxc6 14. e5 Nd7 15. c3 a5 16. d4 a4 17. Bc2 Bb5 18. Rf3 b3 19. Bd3 Bxd3 20. Rxd3 Nb6 21. axb3 axb3 22. Rxa8 Qxa8 23. Rh3 Nc4 24. Bc1 g6 25. Qxb3 Rb8 26. Qc2 Qa2 27. Rd3 Nxb2 28. Rd2 Qa1 29. Qxb2 Rxb2 30. Rxb2 Kg7 31. g4 cxd4 32. cxd4 Ba3 33. Rc2 Qb1 34. Rc3 Qe4+ 35. Kg1 Qxe2 36. Bxa3 Qe1+ 37. Kg2 Qxc3 38. Bc5 Qd2+ 39. Kg3 Qe3+ 40. Kh4 Qxf4 41. h3 Qf2+ 42. Kg5 h6# 0-1


[Site "https://www.chess.com"]

[Event "Titled Tuesday Blitz June 21 Late 2022"]
[White "So, Wesley"]
[Black "Kamsky, Gata"]
[WhiteFideId "5202213"]
[BlackFideId "2000024"]
[WhiteElo "2742"]
[BlackElo "2645"]
[Result "1/2-1/2"]
[Round "10"]
[TimeControl "180+1"]
[Date "2022.06.21"]
[WhiteClock "0:00:06"]
[BlackClock "0:00:26"]

1. e4 e5 2. Nf3 Nc6 3. Bc4 Nf6 4. d3 h6 5. O-O d6 6. c3 g6 7. Re1 Bg7 8. Nbd2 O-O 9. Nf1 Na5 10. Bb5 a6 11. Ba4 b5 12. Bc2 c5 13. d4 cxd4 14. cxd4 exd4 15. Nxd4 Bb7 16. Ng3 Re8 17. a4 b4 18. b3 Rc8 19. Rb1 d5 20. e5 Ne4 21. e6 Bxd4 22. Qxd4 Rxc2 23. Bxh6 f6 24. f3 Nc6 25. Qd1 Nxg3 26. Qxc2 Nf5 27. Bd2 Qb6+ 28. Kh1 Kg7 29. h3 Ncd4 30. Qd3 Nxe6 31. Rbc1 Nc5 32. Qc2 Rxe1+ 33. Rxe1 Kf7 34. Bc1 Ne6 35. Bb2 d4 36. Qc4 Ne3 37. Qd3 Nxg2 38. Rxe6 Qxe6 39. Kxg2 Qe3 40. Qc4+ Qe6 41. Qc7+ Qe7 42. Qxe7+ Kxe7 43. Bxd4 Kd6 44. Bxf6 Bd5 45. a5 Bxb3 46. Kf2 Be6 47. Ke3 Bxh3 48. Kd4 b3 49. Kc3 Be6 50. f4 1/2-1/2


[Site "https://www.chess.com"]

[Event "Titled Tuesday Blitz June 21 Late 2022"]
[White "Souleidis, Georgios"]
[Black "Oro, Luis"]
[WhiteFideId "4206827"]
[BlackFideId "104094"]
[WhiteElo "2401"]
[BlackElo "2366"]
[Result "1-0"]
[Round "10"]
[TimeControl "180+1"]
[Date "2022.06.22"]
[WhiteClock "0:00:51"]
[BlackClock "0:00:52"]

1. e4 e5 2. Nf3 Nc6 3. Nc3 Nf6 4. d4 exd4 5. Nd5 Nxd5 6. exd5 Bb4+ 7. Bd2 Bxd2+ 8. Qxd2 Ne7 9. Qxd4 O-O 10. O-O-O d6 11. Bd3 Bf5 12. Rhe1 Bxd3 13. Qxd3 Ng6 14. Re4 Qf6 15. Rde1 b5 16. g3 a5 17. h4 Rfb8 18. h5 Nf8 19. Rf4 Qh6 20. Re7 Qxh5 21. Rfxf7 Qxf7 22. Rxf7 Kxf7 23. Qf5+ Kg8 24. Ng5 Re8 25. Qf7+ Kh8 26. Qxc7 h6 27. Nf7+ Kg8 28. Nxd6 Re1+ 29. Kd2 Rf1 30. Qf7+ Kh8 31. Ke2 Rc1 32. Nf5 Rxc2+ 33. Kd1 1-0


[Site "https://www.chess.com"]

[Event "Titled Tuesday Blitz June 21 Late 2022"]
[White "Thiel, Thomas"]
[Black "Sadilek, Peter"]
[WhiteFideId "4615964"]
[BlackFideId "1616439"]
[WhiteElo "2230"]
[BlackElo "2145"]
[Result "0-1"]
[Round "10"]
[TimeControl "180+1"]
[Date "2022.06.22"]
[WhiteClock "0:00:37"]
[BlackClock "0:02:11"]

1. e4 e5 2. Nf3 Nc6 3. d4 exd4 4. Nxd4 g6 5. Nc3 Bg7 6. Be3 Nf6 7. Bc4 O-O 8. O-O Nxe4 9. Nxe4 d5 10. Bd3 dxe4 11. Nxc6 bxc6 12. Bxe4 Ba6 13. Qxd8 Raxd8 14. Rfb1 Bd4 15. Bxd4 Rxd4 16. Bxc6 Rc4 17. Bf3 Rxc2 18. Rc1 Rxb2 19. Rxc7 Rfb8 20. h3 Bb7 21. Rxb7 R8xb7 22. Bxb7 Rxb7 23. Kf1 Rb2 24. a4 a5 25. g4 Kg7 26. Kg2 Kf6 27. Kf3 Ke5 28. Kg3 Rb4 29. Kh4 Rb3 30. Re1+ Kf4 31. Re7 g5+ 0-1


[Site "https://www.chess.com"]

[Event "Titled Tuesday Blitz June 21 Late 2022"]
[White "Tologon tegin, Semetei"]
[Black "Domingo Nunez, Alejandro"]
[WhiteFideId "13800574"]
[BlackFideId "22245561"]
[WhiteElo "2174"]
[BlackElo "2215"]
[Result "1-0"]
[Round "10"]
[TimeControl "180+1"]
[Date "2022.06.21"]
[WhiteClock "0:02:06"]
[BlackClock "0:00:50"]

1. e4 g6 2. d4 Bg7 3. Nc3 c6 4. f4 d5 5. e5 Nh6 6. Bd3 O-O 7. Nf3 f6 8. O-O Bg4 9. Be3 Nd7 10. Ne2 Qb6 11. Rb1 Bxf3 12. Rxf3 fxe5 13. dxe5 c5 14. Bxg6 d4 15. Be4 Rad8 16. Bf2 Ng4 17. Bh4 Qh6 18. Rh3 Qxf4 19. Nxf4 1-0


[Site "https://www.chess.com"]

[Event "Titled Tuesday Blitz June 21 Late 2022"]
[White "Urbina Perez, Juan Antonio"]
[Black "Tanenbaum, Zachary"]
[WhiteFideId "2217368"]
[BlackFideId "2060850"]
[WhiteElo "2192"]
[BlackElo "2175"]
[Result "0-1"]
[Round "10"]
[TimeControl "180+1"]
[Date "2022.06.21"]
[WhiteClock "0:00:08"]
[BlackClock "0:00:39"]

1. e4 e5 2. Nf3 Nc6 3. Bb5 a6 4. Ba4 d6 5. c3 Nf6 6. d3 Be7 7. O-O O-O 8. Nbd2 b5 9. Bb3 Nb8 10. Re1 Nbd7 11. Nf1 Bb7 12. Ng3 h6 13. Nf5 c5 14. Nxe7+ Qxe7 15. Bc2 Rfe8 16. Nh4 Nf8 17. Nf5 Qd8 18. Ng3 Ng6 19. a4 d5 20. Qf3 Nh4 21. Qe2 c4 22. dxc4 dxc4 23. Be3 Ng6 24. Red1 Qc7 25. a5 Nf4 26. Qf3 Nd3 27. Bxd3 cxd3 28. Rxd3 Qc4 29. Rad1 Nxe4 30. Qg4 Nxf2 31. Qxc4 bxc4 32. Bxf2 cxd3 33. Rxd3 Rad8 34. Re3 Rd2 35. b4 g6 36. h3 f5 37. Nf1 f4 38. Nxd2 fxe3 39. Bxe3 Kg7 40. Nc4 Rc8 41. Nd6 Rxc3 42. Bc5 Bc6 0-1


[Site "https://www.chess.com"]

[Event "Titled Tuesday Blitz June 21 Late 2022"]
[White "Vasquez Schroeder, Rodrigo"]
[Black "Barria Santos, Jose Guilherme"]
[WhiteFideId "3400042"]
[BlackFideId "1939300"]
[WhiteElo "2567"]
[BlackElo "2261"]
[Result "1-0"]
[Round "10"]
[TimeControl "180+1"]
[Date "2022.06.21"]
[WhiteClock "0:01:58"]
[BlackClock "0:01:13"]

1. e4 c5 2. Nf3 d6 3. d4 cxd4 4. Nxd4 Nf6 5. Nc3 a6 6. Bg5 e6 7. f4 Be7 8. Qf3 Qc7 9. O-O-O Nbd7 10. g4 h6 11. Bxf6 Bxf6 12. h4 Nb6 13. Nde2 Bd7 14. g5 Be7 15. Ng3 O-O-O 16. Bd3 Na4 17. Nxa4 Bxa4 18. Kb1 Bc6 19. Qe3 h5 20. Rhf1 f6 21. Bc4 Bd7 22. Qb3 e5 23. fxe5 fxg5 24. e6 Bc6 25. Bd5 gxh4 26. Nf5 Bf6 27. Bxc6 Qxc6 28. e7 1-0


[Site "https://www.chess.com"]

[Event "Titled Tuesday Blitz June 21 Late 2022"]
[White "Veiga, Jose Francisco R P Neves"]
[Black "Svicevic, Rastko"]
[WhiteFideId "1930087"]
[BlackFideId "916315"]
[WhiteElo "2326"]
[BlackElo "2049"]
[Result "0-1"]
[Round "10"]
[TimeControl "180+1"]
[Date "2022.06.22"]
[WhiteClock "0:00:48"]
[BlackClock "0:01:13"]

1. Nf3 c6 2. c4 d5 3. e3 e6 4. Nc3 f5 5. d4 Nf6 6. Be2 Bd6 7. O-O Nbd7 8. b3 O-O 9. Bb2 Qe7 10. c5 Bc7 11. b4 Ne4 12. Qb3 e5 13. Nxe4 fxe4 14. Nxe5 Nxe5 15. dxe5 Bxe5 16. Bxe5 Qxe5 17. Rac1 Qg5 18. f4 exf3 19. Rxf3 Bg4 20. Rxf8+ Rxf8 21. Bf1 Qf6 22. Bd3 Qf2+ 23. Kh1 Kh8 24. h3 Qxe3 25. Qc2 Rf2 26. Qc3 Bxh3 27. Re1 Bxg2+ 28. Kh2 Qh3+ 29. Kg1 Rf8 0-1


[Site "https://www.chess.com"]

[Event "Titled Tuesday Blitz June 21 Late 2022"]
[White "Vu, Bui Thi Thanh Van"]
[Black "Avazkhonov, Alikhon"]
[WhiteFideId "12408921"]
[BlackFideId "14208504"]
[WhiteElo "1602"]
[BlackElo "1739"]
[Result "1-0"]
[Round "10"]
[TimeControl "180+1"]
[Date "2022.06.22"]
[WhiteClock "0:01:24"]
[BlackClock "0:00:21"]

1. d4 d5 2. Nf3 c6 3. e3 e6 4. Bd3 f5 5. c4 Nf6 6. O-O Bd6 7. b3 Qe7 8. Bb2 O-O 9. Qc1 b6 10. Ba3 c5 11. cxd5 exd5 12. Nc3 Ba6 13. Qd1 Bxd3 14. Qxd3 g6 15. dxc5 Bxc5 16. Nxd5 Qb7 17. Nxf6+ Rxf6 18. Bxc5 bxc5 19. Qc3 Qb6 20. Ne5 Re6 21. Rad1 Na6 22. Nd7 Qc6 23. Ne5 Qc7 24. Nf3 Rd8 25. Qc4 Re8 26. Ng5 Qb6 27. Nxe6 Rxe6 28. Rd7 Qc6 29. Rfd1 Nc7 30. Qc3 1-0


[Site "https://www.chess.com"]

[Event "Titled Tuesday Blitz June 21 Late 2022"]
[White "Vujic, Mihailo"]
[Black "Ambartsumova, Karina"]
[WhiteFideId "918873"]
[BlackFideId "4166299"]
[WhiteElo "2256"]
[BlackElo "2262"]
[Result "1-0"]
[Round "10"]
[TimeControl "180+1"]
[Date "2022.06.21"]
[WhiteClock "0:00:34"]
[BlackClock "0:00:14"]

1. e4 e5 2. Nf3 Nc6 3. d4 exd4 4. Bc4 Nf6 5. O-O Nxe4 6. Re1 d5 7. Bxd5 Qxd5 8. Nc3 Qd7 9. Rxe4+ Be7 10. Nxd4 Nxd4 11. Rxd4 Qf5 12. Nd5 Bd6 13. Bf4 Bxf4 14. Rxf4 Qe5 15. Qd2 O-O 16. Re1 Qd6 17. Ne7+ Kh8 18. Rd4 Qf6 19. Rf4 Qxb2 20. Qd3 f5 21. Rd4 b6 22. Qc4 Bb7 23. Ng6+ hxg6 24. Rh4# 1-0


[Site "https://www.chess.com"]